 Dungeon Crawl Stone Soup version 0.30-a0-913-g9934a0c (webtiles) character file.

Game seed: 3203267360522790925

57 Meow the Sneak (level 4, 36/36 HPs)
             Began as a Naga Conjurer on Mar 19, 2023.
             Quit the game on level 2 of the Dungeon.
             The game lasted 00:02:53 (1296 turns).

Meow the Sneak (Naga Conjurer)                      Turns: 1296, Time: 00:02:54

Health: 36/36      AC:  2    Str:  9    XL:     4   Next: 0%
Magic:  3/7        EV:  9    Int: 20    God:
Gold:   25         SH:  0    Dex: 10    Spells: 4/7 levels left

rFire   . . .      SeeInvis +    a - +0 sling
rCold   . . .      Faith    .    (no shield)
rNeg    . . .      Spirit   .    e - +0 robe
rPois   +          Reflect  .    (no helmet)
rElec   .          Rampage  .    (no cloak)
rCorr   .                        (no gloves)
Will    .....                    (no barding)
Stlth   +++                      (no amulet)
HPRegen 0.26/turn                (no ring)
MPRegen 0.10/turn                (no ring)

@: very slow
A: AC +1, large, see invisible, deformed body, poison resistance, slowness 2,
spit poison 1, naga tail 1
a: Spit Poison


You were on level 2 of the Dungeon.
You visited 1 branch of the dungeon, and saw 2 of its levels.

You collected 25 gold pieces.

Inventory:

Hand Weapons
 a - a +0 sling (weapon)
 b - a +2 dagger of electrocution
Missiles
 d - a throwing net
 f - 6 stones
Armour
 e - a +0 robe (worn)
Scrolls
 h - a scroll of enchant armour {unknown}
 j - a scroll of teleportation {unknown}
 k - a scroll of poison {unknown}
 l - 2 scrolls of identify {unknown}
 n - a scroll of enchant weapon {unknown}
 p - a scroll of fog {unknown}
Potions
 c - a potion of flight {unknown}
 g - 2 potions of degeneration {unknown}
 i - 2 potions of heal wounds {unknown}
 m - a potion of magic
 o - a potion of attraction {unknown}


   Skills:
 - Level 1.5 Dodging
 - Level 6.0 Stealth
 + Level 2.2 Spellcasting
 + Level 4.1 Conjurations


You had 4 spell levels left.
You knew the following spells:

 Your Spells              Type           Power      Damage    Failure   Level
a - Magic Dart            Conj           72%        1d6       2%          1
b - Searing Ray           Conj           36%        2d5       4%          2

Your spell library contained the following spells:

 Spells                   Type           Power      Damage    Failure   Level
 Dazzling Flash           Conj/Hex       20%        N/A       21%         3
 Fulminant Prism          Conj/Hex       5%         3d6       54%         4
 Iskenderun's Mystic Bla  Conj/Tloc      10%        2d4       54%         4


Dungeon Overview and Level Annotations

Branches:
Dungeon (2/15)

Altars:


Innate Abilities, Weirdness & Mutations

Your serpentine skin is tough. (AC +1)
You have supernaturally acute eyesight. (SInv)
Armour fits poorly on your strangely shaped body.
Your system is resistant to poisons. (rPois)
You cover ground very slowly.
You can spit poison.
You have a snake-like lower body.


Message History

Press: ? - help, Q - select action, (/) - cycle Shift-Dir - straight line, f - you Really target yourself?
Okay, then.
Found a flail.
All monsters which could be auto-targeted are covered by a wall or statue which interrupts your line of fire, even though it doesn't interrupt your line of sight.
Aiming: Spit Poison (2% risk of failure)
Press: ? - help, Shift-Dir - straight line, f - you That beam is likely to hit you.
Continue anyway?
Okay, then.
An endoplasm comes into view.
Casting: Searing Ray (safe; 4% risk of failure)
Confirm with . or Enter, or press ? or * to list all spells.
Aiming: Searing Ray (safe; 4% risk of failure)
Press: ? - help, Shift-Dir - straight line, f - endoplasm
Aim: an endoplasm (asleep, 100% to hit)
The searing ray hits the endoplasm!
You kill the endoplasm! (Press . to maintain the ray.)
You hear a shout! x2
The searing ray hits the bat.
The bat is severely wounded.
The bat hits you. The bat completely misses you.
A hobgoblin comes into view.
The searing ray hits the hobgoblin!
You kill the hobgoblin!
The bat hits you.
The searing ray hits the bat.
You kill the bat!
You finish channelling your searing ray.
You start resting.
HP restored.
You start resting.
A hobgoblin comes into view.
Fire: a) +0 sling
Press: ? - help, Q - select action, (/) - cycle Shift-Dir - straight line, f - hobgoblin
Aim: a hobgoblin (47% to hit)
You shoot a sling bullet. The sling bullet hits the hobgoblin.
You kill the hobgoblin!
You have reached level 4!
You feel agile.
Are you sure you want to abandon this character and quit the game? (Confirm with "yes".)

###..............
####...........####....
#..............#......#..
#..............#.........
#......###'#####.........
.......###.#......#.....
...........'.......... .
..........##......#.##...
....#...........@........
....#.#...###.[....####†
....#+#..........#.#
..÷....)#####....##†..#
....÷...#...#....# .8..#
..).........+....# ...##
.÷.....##...#..... #)#.#
........'...+.....# ##...
........#...#.#.... ...


There were no monsters in sight!

Vanquished Creatures
  3 adders (D:2)
  A dart slug (D:1)
  6 bats
  4 endoplasms (D:2)
  A giant cockroach (D:1)
  2 goblins
  3 hobgoblins
  A kobold (D:1)
  2 quokkas
  2 frilled lizards
25 creatures vanquished.

Notes
Turn   | Place    | Note
-------+----------+-------------------------------------------
     0 | D:1      | Meow the Naga Conjurer began the quest for the Orb.
     0 | D:1      | Reached XP level 1. HP: 15/15 MP: 3/3
   191 | D:1      | Reached skill level 4 in Stealth
   191 | D:1      | Reached XP level 2. HP: 22/22 MP: 1/5
   194 | D:1      | Learned a level 2 spell: Searing Ray
   814 | D:2      | Reached skill level 5 in Stealth
   865 | D:2      | Reached XP level 3. HP: 26/28 MP: 2/6
   975 | D:2      | Reached skill level 6 in Stealth
  1296 | D:2      | Reached XP level 4. HP: 36/36 MP: 3/7
  1296 | D:2      | Quit the game

Illustrated notes

Levels and vault maps discovered:
D:1:      nicolae_arrival_somewhat_less_tricky_arrival, layout_rooms,
          chequers_serial_rivers_micro_b, minivault_23, lemuel_flame_loot_1
D:2:      layout_basic, minmay_hexomino_f4

Skill      XL: |  1  2  3 |
---------------+----------+-----
Stealth        | 4 5 6 |  6.0
Dodging        | |  1.5
Spellcasting   | |  2.2
Conjurations   | |  4.1

Action                     |  1- 3 |  4- 6 || total
---------------------------+-------+-------++-------
   Fire: Sling             |    11 |       ||    11
   Cast: Magic Dart        |    11 |       ||    11
         Searing Ray       |     7 |       ||     7
Ability: Spit Poison       |    15 |       ||    15
 Armour: Robe              |     1 |       ||     1
  Dodge: Dodged            |     2 |       ||     2

Table legend: (Time is in decaauts)
 A = Elapsed time spent in this place.
 B = Non-inter-level travel time spent in this place.
 C = Inter-level travel time spent in this place.
 D = Time resting spent in this place.
 E = Time spent auto-exploring this place.
 F = Levels seen in this place.
 G = Mean time per level.
                   A        B        C        D        E       F      G
               +--------+--------+--------+--------+--------+-----+--------+
         Total |   1628 |   1543 |     85 |    366 |   1028 |   2 |  814.0 |
       Dungeon |   1628 |   1543 |     85 |    366 |   1028 |   2 |  814.0 |
               +--------+--------+--------+--------+--------+-----+--------+

Top non-repeatable levels by time:
     D:1: 1056 daAuts
     D:2: 572 daAuts
